 Dungeon Crawl Stone Soup version 0.19-a0-578-g4cfc824 (webtiles) character file.

165 Etesian the Chiller (level 5, -2/28 HPs)
             Began as a Deep Elf Ice Elementalist on June 9, 2016.
             Slain by a centaur skeleton (8 damage)
             ... on level 4 of the Dungeon.
             The game lasted 00:10:41 (3185 turns).

Etesian the Chiller (Deep Elf Ice Elementalist)     Turns: 3185, Time: 00:10:41

Health: -2/28      AC:  3    Str:  5    XL:     5   Next: 22%
Magic:  8/12       EV: 15    Int: 26    God:
Gold:   154        SH:  0    Dex: 18    Spells: 4 memorised, 0 levels left

rFire  . . .     SeeInvis .     f - -3 short sword (curse)
rCold  . . .     Gourm    .     a - +1 robe
rNeg   . . .     Faith    .     (no shield)
rPois  .         Spirit   .     (no helmet)
rElec  .         Dismiss  .     (no cloak)
rCorr  .         Reflect  .     (no gloves)
SustAt .         Harm     .     (no boots)
MR     .....                    (no amulet)
Stlth  ++........               s - +5 ring of intelligence
                                n - +3 ring of dexterity

@: very slightly contaminated, not resistant to hostile enchantments, unstealthy
A: no striking features
a: no special abilities


You were on level 4 of the Dungeon.
You were hungry.

You visited 1 branch of the dungeon, and saw 4 of its levels.

You collected 154 gold pieces.

Inventory:

Hand Weapons
 f - a cursed -3 short sword (weapon)
 g - a +0 hand axe of electrocution
 h - a +0 hand axe
 o - a +0 dagger of electrocution
Missiles
 p - 7 javelins (quivered)
Armour
 a - a +1 robe (worn)
Jewellery
 n - a +3 ring of dexterity (left hand)
 s - a +5 ring of intelligence (right hand)
Scrolls
 d - a scroll of enchant armour
 u - a scroll of amnesia
Potions
 i - 2 potions of haste
 j - a potion of curing
 l - a potion of ambrosia {unknown}
 m - a potion of beneficial mutation {unknown}
 r - 2 potions of brilliance
 v - a potion of berserk rage {unknown}
 w - a potion of heal wounds {unknown}
Books
 b - a book of Frost

   Spells                             Type                      Level
   a - Freeze                         Ice                          1
   b - Throw Frost                    Conjuration/Ice              2
   c - Ozocubu's Armour               Charms/Ice                   3
   d - Throw Icicle                   Conjuration/Ice              4
   e - Summon Ice Beast               Ice/Summoning                4
Comestibles
 c - a bread ration
 k - a meat ration
 q - a beef jerky


   Skills:
 + Level 4.1 Dodging
 - Level 2.4 Stealth
 + Level 3.6 Spellcasting
 * Level 3.0 Conjurations
 * Level 4.5 Ice Magic


You couldn't memorise any spells.
You knew the following spells:

 Your Spells              Type           Power        Failure   Level  Hunger
a - Freeze                Ice            ####         1%          1    None
b - Throw Frost           Conj/Ice       ###...       2%          2    #......
c - Throw Icicle          Conj/Ice       ###.....     21%         4    ####...
d - Summon Ice Beast      Ice/Summ       ###.....     38%         4    ####...


Dungeon Overview and Level Annotations

Branches:
Dungeon (4/15)
 Temple: D:4-7

Altars:
Dithmenos
Qazlal

Annotations:
D:1 exclusion: downstairs
D:4 Duvessa


Message History

The giant gecko closely misses you.
You take 2 damage, and have 7/28 hp.
Press: ? - help, v - describe, . - travel
Here: a centaur skeleton The floor.
Okay, then.
Magic courses through your body. The centaur skeleton hits you.
* * * LOW HITPOINT WARNING * * *
The centaur skeleton completely misses you.
You take 1 damage, and have 6/28 hp.
MP restored: 12
Casting: Throw Icicle
Confirm with . or Enter, or press ? or * to list all spells.
Aiming: Throw Icicle
Press: ? - help, Shift-Dir - straight line, f/p - centaur skeleton
Aim: a centaur skeleton The shard of ice hits the centaur skeleton.
The centaur skeleton partially resists.
The giant gecko misses you. The centaur skeleton hits you!
You die...

...#....#....
..#....#.S..
#...........
######..........
#....#........####
#....#............
#<...+............
#@l..#............
##Z......#...#....
#.......+...'....
#.......#...##.##
####.......######'#
#......###.#........
+......'...#........
##......#####........
#...........#........


You could see a giant gecko and a centaur skeleton.

Vanquished Creatures
  Jessica (D:2)
  A worker ant (D:4)
  A gnoll (D:3)
  4 adders
  A worm (D:3)
  3 dart slugs
  4 giant geckos
  An orc (D:4)
  A ball python (D:2)
  4 giant cockroaches
  6 hobgoblins
  5 jackals
  2 quokkas (D:3)
  6 bats
  2 giant newts
  3 goblins
  6 kobolds
  6 rats
57 creatures vanquished.

Notes
Turn   | Place    | Note
--------------------------------------------------------------
     0 | D:1      | Etesian the Deep Elf Ice Elementalist began the quest for the Orb.
     0 | D:1      | Reached XP level 1. HP: 10/10 MP: 6/6
   190 | D:1      | Reached XP level 2. HP: 14/15 MP: 5/8
   196 | D:1      | Learned a level 2 spell: Throw Frost
  1334 | D:1      | Reached XP level 3. HP: 18/19 MP: 4/9
  1680 | D:2      | Noticed Jessica
  1690 | D:2      | Killed Jessica
  1690 | D:2      | Reached XP level 4. HP: 24/24 MP: 5/11
  1821 | D:2      | Learned a level 4 spell: Throw Icicle
  2327 | D:3      | Found a stormy altar of Qazlal.
  2392 | D:3      | Found a shadowy altar of Dithmenos.
  2878 | D:4      | Noticed Duvessa
  2945 | D:4      | Reached XP level 5. HP: 28/28 MP: 8/12
  2953 | D:4      | Learned a level 4 spell: Summon Ice Beast
  2960 | D:4      | Noticed an ogre
  2965 | D:4      | Noticed an ogre
  3185 | D:4      | Slain by a centaur skeleton

Vault maps used:
D:1:      dpeg_arrival_rooms_b
D:2:      uniq_jessica
D:3:      grunt_dithmenos_smoke_and_mirrors, minmay_misc_feat_chi, st_stairs_12,
          grunt_qazlal_sundering
D:4:      tgw_trog, yredelemnul_forgotten_temple_becter, first_bread,
          uniq_grinder, uniq_duvessa

Skill      XL: |  1  2  3  4  5 |
---------------+----------------+-----
Dodging        | 3 4 |  4.1
Conjurations   | 2 3 |  3.0
Ice Magic      | 4 |  4.5
Stealth        | |  2.4
Spellcasting   | |  3.6

Action                   |  1- 3 |  4- 6 || total
-------------------------+-------+-------++-------
Melee: Unarmed           |     2 |       ||     2
       Short sword       |    26 |    38 ||    64
Throw: Javelin           |     5 |     2 ||     7
 Cast: Freeze            |    41 |    25 ||    66
       Throw Frost       |     5 |    20 ||    25
       Throw Icicle      |       |     6 ||     6
  Use: Scroll            |     6 |     6 ||    12
       Potion            |       |     1 ||     1
 Stab: Sleeping          |     1 |     4 ||     5
       Distracted        |       |     1 ||     1
  Eat: Chunk             |     2 |     6 ||     8
Armor: Robe              |    31 |    11 ||    42
Dodge: Dodged            |    62 |    46 ||   108
